 Dungeon Crawl Stone Soup version 0.27-a0-1202-ge72e49191c (webtiles) character file.

Game seed: 17835126693857491584

688 27snakeeyes612 the Chopper (level 7, 0/94 HPs)
             Began as a Naga Fighter on June 4, 2021.
             Was an Initiate of Cheibriados.
             Slain by a troll (7 damage)
             ... on level 5 of the Dungeon.
             The game lasted 00:04:51 (5543 turns).

27snakeeyes612 the Chopper (Naga Fighter)           Turns: 5543, Time: 00:04:51

Health: 0/94       AC: 23    Str: 19 (21) XL:     7   Next: 62%
Magic:  7/7        EV:  1    Int:  7 (9)  God:    Cheibriados [......]
Gold:   188        SH: 14    Dex: 10 (12) Spells: 6/6 levels left

rFire    + . .     SeeInvis +   a - +0 war axe
rCold    + . .     Faith    .   c - +0 kite shield
rNeg     + + +     Spirit   .   (armour currently unavailable)
rPois    +         Reflect  +   (helmet currently unavailable)
rElec    +         Harm     .   (cloak currently unavailable)
rCorr    +         Rampage  .   (gloves currently unavailable)
Will     .....     NoTele   +   (no barding)
Stlth    +.........             t - amulet of reflection
HPRegen  0.25/turn              q - ring of positive energy
MPRegen  0.10/turn              (no ring)

@: brilliant, short of breath, tree-form, resistant, very slow
A: stationary, stasis, torment immunity, boosted hp, AC +2, large, see
invisible, (deformed body), (poison resistance), (slowness 2), spit poison 1,
(naga tail 1)
a: Spit Poison, Renounce Religion, Bend Time


You were on level 5 of the Dungeon.
You worshipped Cheibriados.
Cheibriados was noncommittal.
You were a tree.
You visited 2 branches of the dungeon, and saw 6 of its levels.

You collected 188 gold pieces.

Inventory:

Hand Weapons
 a - a +0 war axe (weapon)
Missiles
 C - a curare-tipped dart
Armour
 b - a +0 scale mail
 c - a +0 kite shield (worn)
 h - a +0 helmet (melded)
 r - a +0 chain mail (melded)
Jewellery
 q - a ring of positive energy (left branch)
 t - an amulet of reflection (around neck)
 v - an amulet of guardian spirit
 A - a ring of fire
 B - a ring of protection from fire
Wands
 p - a wand of digging (5)
Scrolls
 g - 3 scrolls of identify {unknown}
 k - a scroll of amnesia {unknown}
 m - a scroll of holy word {unknown}
 n - a scroll of noise {unknown}
 o - 3 scrolls of fear {unknown}
 w - 2 scrolls of teleportation {unknown}
 x - 2 scrolls of magic mapping {unknown}
 y - 3 scrolls of enchant armour {unknown}
 z - 2 scrolls of enchant weapon {unknown}
Potions
 d - 3 potions of might
 f - 2 potions of brilliance
 i - 2 potions of lignification
 j - a potion of curing {unknown}
 l - a potion of degeneration
 s - a potion of mutation {unknown}
 u - a potion of haste {unknown}


   Skills:
 + Level 3.8 Fighting
 + Level 5.8 Axes
 + Level 3.8 Armour
 + Level 0.8 Dodging
 + Level 0.5 Stealth
 + Level 3.9 Shields


You had 6 spell levels left.
You didn't know any spells.
Your spell library contained the following spells:

 Spells                   Type           Power      Damage    Failure   Level
 Animate Skeleton         Necr           0%         N/A       80%         1
 Corona                   Hex            0%         N/A       80%         1
 Pain                     Necr           0%         1d4       80%         1
 Ensorcelled Hibernation  Hex/Ice        0%         N/A       90%         2
 Confusing Touch          Hex            0%         N/A       99%         3
 Dazzling Flash           Conj/Hex       0%         N/A       99%         3
 Tukima's Dance           Hex            0%         N/A       99%         3
 Vampiric Draining        Necr           0%         2d6       99%         3
 Animate Dead             Necr           0%         N/A       100%        4
 Agony                    Necr           0%         N/A       100%        5


Dungeon Overview and Level Annotations

Branches:
Dungeon (5/15)             Temple (1/1) D:4

Altars:
Cheibriados
Elyvilon
Fedhas
Makhleb
Nemelex Xobeh
Okawaru
Qazlal
Sif Muna
Wu Jian
Xom
Yredelemnul
Zin

Shops:
D:4 *

Annotations:
D:2 1 runed translucent door, Crazy Yiuf


Innate Abilities, Weirdness & Mutations

You are a tree.
Your roots penetrate the ground, keeping you stationary.
You cannot be teleported.
You are immune to unholy pain and torment.
Your maximum health is greatly increased.
Your equipment is partially melded.
((Your serpentine skin is tough. (AC +2)))
You have supernaturally acute eyesight. (SInv)
((Armour fits poorly on your strangely shaped body.))
((Your system is resistant to poisons. (rPois)))
((You cover ground very slowly.))
You can spit poison.
((You have a snake-like lower body.))


Message History

You block the troll's attack. The troll claws you.
You block the troll's attack. You block the troll's attack.
The troll barely misses you. You block the troll's attack.
You closely miss the troll. The troll bites you! The troll claws you. x2
You closely miss the troll. The troll barely misses you. The troll claws you!
The troll claws you.
You barely miss the troll. The troll bites you. You block the troll's attack.
The troll claws you! The troll barely misses you. The troll claws you.
* * * LOW HITPOINT WARNING * * *
You block the troll's attack.
Okay, then.
Abil: Spit Poison
Press: ? - help, Q - select action, (/) - cycle Shift-Dir - straight line, f - troll
Aim: a troll The splash of poison hits the troll but does no damage.
The troll is poisoned.
You block the troll's attack. The troll claws you!
* * * LOW HITPOINT WARNING * * *
The troll claws you.
* * * LOW HITPOINT WARNING * * *
It was a potion of lignification.
You turn into a tree.
Your +0 helmet melds into your body.
Your +0 chain mail melds into your body.
Your roots penetrate the ground.
The troll bites you but does no damage. The troll claws you but does no damage.
You block the troll's attack.
It was a potion of degeneration.
There was something very wrong with that liquid.
You feel weakened.
You feel dopey.
You feel clumsy.
You block the troll's attack. x2; The troll claws you.
* * * LOW HITPOINT WARNING * * *
It was a potion of brilliance.
You feel clever all of a sudden. The troll bites you but does no damage.
The troll claws you but does no damage. You block the troll's attack.
It was a potion of resistance.
You feel protected. The troll bites you but does no damage.
You block the troll's attack. The troll claws you!
You die...

########
#......###############
#......+..............
#......#..............
###......#..##.........
.....#'###..##.........
.....#......##....#####
.....+......##..T.##
.....#####......♣..#
#........#.........#
#........###########
#................#####
#................'...#
'................#...#
#................#...#
#................#...#
+................#...#..+


You could see a troll (poisoned).

Vanquished Creatures
  A phantom (D:4)
  A kobold brigand (D:5)
  A howler monkey (D:5)
  3 iron imps (D:4)
  An orc priest (D:4)
  A hound (D:5)
  A jelly (D:4)
  Natasha (thrice) (D:2)
  An iguana (D:4)
  An orc wizard (D:3)
  2 hound skeletons
  5 adders
  An ufetubus (D:4)
  2 worms
  3 dart slugs
  12 orcs
  13 ball pythons
  5 endoplasms
  3 giant cockroaches
  12 goblins
  11 hobgoblins
  4 jackals
  5 quokkas
  4 bats
  4 frilled lizards
  12 kobolds
  8 rats
120 creatures vanquished.

Notes
Turn   | Place    | Note
-------+----------+-------------------------------------------
     0 | D:1      | 27snakeeyes612 the Naga Fighter began the quest for the
                  | Orb.
     0 | D:1      | Reached XP level 1. HP: 21/21 MP: 1/1
    16 | D:1      | Found a faded altar of an unknown god.
   422 | D:1      | Reached XP level 2. HP: 28/28 MP: 2/2
  1161 | D:1      | Reached XP level 3. HP: 33/34 MP: 3/3
  1410 | D:2      | Noticed Natasha
  1420 | D:2      | Killed Natasha
  1541 | D:2      | Reached XP level 4. HP: 42/42 MP: 4/4
  1772 | D:2      | Reached skill level 3 in Axes
  1964 | D:2      | Noticed Natasha
  1967 | D:2      | Killed Natasha
  2134 | D:2      | Reached XP level 5. HP: 43/49 MP: 5/5
  2159 | D:2      | Noticed Natasha
  2166 | D:2      | Killed Natasha
  2381 | D:2      | Found a runed translucent door.
  2382 | D:2      | Noticed Crazy Yiuf
  2802 | D:3      | Reached skill level 4 in Axes
  3357 | D:4      | Noticed a phantom
  3367 | D:4      | Killed a phantom
  3368 | D:4      | Reached XP level 6. HP: 35/56 MP: 6/6
  3495 | D:4      | Reached skill level 5 in Axes
  3851 | D:4      | Found a staircase to the Ecumenical Temple.
  3872 | Temple   | Entered the Ecumenical Temple
  3997 | D:4      | Reached XP level 7. HP: 60/63 MP: 7/7
  4010 | D:4      | Identified the +6 dagger of the New World {speed, Str+3}
  4097 | D:4      | Found a burning altar of Makhleb.
  4304 | D:4      | Found Poach's General Store.
  4528 | D:4      | Found a snail-covered altar of Cheibriados.
  4625 | D:4      | Became a worshipper of Cheibriados the Contemplative
  5050 | D:5      | Entered Level 5 of the Dungeon
  5532 | D:5      | Noticed a troll
  5543 | D:5      | Slain by a troll

Illustrated notes

Levels and vault maps discovered:
D:1:      dpeg_arrival_radiant, layout_loops_corners,
          ebering_ecumenical_altar_box
D:2:      minmay_razor_zed, layout_rooms, uniq_crazy_yiuf_cottage, uniq_natasha
D:3:      layout_basic, minmay_strange_pillars, hex_tiny, grunt_ministairs_4,
          kennysheep_generic_room_4
D:4:      layout_basic, demons_altar, kennysheep_little_box,
          minmay_temple_entry_statues, serial_shops, shop_statue
D:5:      layout_gridville, trog_hazing_becter
Temple:   eino_wide_crystal_templ

Skill      XL: |  1  2  3  4  5  6 |
---------------+-------------------+-----
Axes           | 3 4 5 |  5.8
Shields        | 3 |  3.9
Armour         | 3 |  3.8
Fighting       | |  3.8
Dodging        | |  0.8
Stealth        | |  0.5

Action                   |  1- 3 |  4- 6 |  7- 9 || total
-------------------------+-------+-------+-------++-------
Melee: War axe           |    80 |   218 |    59 ||   357
       Dagger            |       |       |    34 ||    34
 Abil: Spit Poison       |     1 |       |     1 ||     2
  Use: Potion            |       |       |     4 ||     4
Armor: Scale mail        |    36 |    36 |       ||    72
       Chain mail        |       |    61 |    37 ||    98
       Skin              |       |       |     5 ||     5
Dodge: Dodged            |    30 |    37 |    17 ||    84
Block: Kite shield       |    41 |   170 |    95 ||   306
       Reflection        |       |     3 |     2 ||     5

Table legend: (Time is in decaauts)
 A = Elapsed time spent in this place.
 B = Non-inter-level travel time spent in this place.
 C = Inter-level travel time spent in this place.
 D = Time resting spent in this place.
 E = Time spent auto-exploring this place.
 F = Levels seen in this place.
 G = Mean time per level.
                   A        B        C        D        E       F      G
               +--------+--------+--------+--------+--------+-----+--------+
         Total |   7232 |   6936 |    296 |     53 |   5533 |   6 | 1205.3 |
       Dungeon |   7127 |   6862 |    265 |     53 |   5463 |   5 | 1425.4 |
        Temple |    105 |     75 |     30 |      0 |     70 |   1 |  105.0 |
               +--------+--------+--------+--------+--------+-----+--------+

Top non-repeatable levels by time:
     D:4: 2154 daAuts
     D:1: 1770 daAuts
     D:2: 1337 daAuts
     D:3: 1161 daAuts
     D:5: 703 daAuts
  Temple: 105 daAuts
